Map: Ruby Rock LE

Players

Lambo

  • Race: Zerg Zerg
  • League: Grandmaster
  • Spawn Location: 11:00

A.I. 1 (Very Easy) - Winner!

  • Race: Protoss Protoss
  • Spawn Location: 5:00

VOD

Have the link to the VOD?

Description

Time

  • Played on: Dec. 9, 2025, 9:14 a.m.
  • Length: 4:54
Show
View Real Time Build Order
Export as new Build Order

Lambo Zerg 

Build Orders: Hatch First 

Get SALT Encoding   

  12  0:00  Drone  
  13  0:09  Drone  
  14  0:14  Extractor, Drone  
  14  0:21  Overlord  
  15  0:39  Drone  
  16  0:45  Hatchery  
  16  0:49  Drone  
  16  0:54  Drone  
  17  0:57  Drone  
  18  1:08  Extractor  
  17  1:11  Spawning Pool  
  17  1:14  Drone  
  17  1:17  Drone  
  18  1:26  Drone  
  19  1:37  Drone  
  20  1:48  Drone  
  21  1:58  Queen x2  
  21  1:59  Zergling x4  
  27  2:08  Drone  
  28  2:14  Hatchery  
  27  2:18  Drone  
  28  2:26  Roach Warren  
  28  2:28  Drone  
  28  2:34  Overlord  
  28  2:39  Burrow  
  28  2:44  Overlord  
  28  2:54  Drone x2  
  30  3:06  Roach x4  
  30  3:10  Roach  
  40  3:14  Roach  
  42  3:20  Drone  
  42  3:22  Drone  
  42  3:24  Overlord  
  44  3:27  Roach  
  46  3:34  Drone  
  46  3:35  Drone  
  46  3:38  Drone x2  
  50  3:45  Drone x3  
  50  3:47  Drone  
  54  3:49  Drone  
  54  3:52  Overlord  
  54  3:54  Drone  
  56  3:56  Drone  
  56  3:59  Drone  
  58  4:06  Overlord  
  58  4:11  Drone x3, Roach  
  58  4:16  Drone x2  
  63  4:19  Overlord  
  63  4:21  Drone  
  63  4:23  Drone x2  
  66  4:26  Drone x2  
  68  4:35  Drone  
  71  4:41  Extractor  
Show
View Real Time Build Order
Export as new Build Order

A.I. 1 (Very Easy) Protoss - Winner!

Build Orders:  

Get SALT Encoding   

  12  0:00  Probe  
  13  0:13  Probe  
  14  0:20  Pylon  
  14  0:36  Assimilator  
  14  0:43  Gateway  
  14  0:47  Pylon  
  14  1:14  Assimilator  
  14  1:16  Probe  
  14  1:24  Probe  
  15  1:32  Probe  
  16  1:34  Cybernetics Core  
  17  1:42  Probe  
  18  1:55  Probe  
  18  2:00  Warp Gate  
  19  2:03  Probe  
  20  2:10  Stalker  
  22  4:04  Stalker  
  22  4:05  Pylon  
  22  4:20  Probe  
  2  4:32  Zealot, Probe  
Tags
 
Matchup
PvZ
Player
Lambo
Spawn Locations
Cross Positions
Add a new tag
Caveats
  • Supply blocks, unpowered buildings, or Contaminate may cause inaccurate times.
  • Supply counts are checked every 10 seconds.